 Dungeon Crawl Stone Soup version 0.22.0-18-ge075c0de6d (webtiles) character file.

73 Kirk the Chopper (level 4, 24/34 HPs)
             Began as a Demonspawn Gladiator on Aug 19, 2018.
             Quit the game on level 2 of the Dungeon.
             The game lasted 00:01:51 (1239 turns).

Kirk the Chopper (Demonspawn Gladiator)             Turns: 1239, Time: 00:01:52

Health: 24/34      AC:  5    Str: 15    XL:     4   Next: 8%
Magic:  4/4        EV: 12    Int:  9    God:
Gold:   73         SH:  0    Dex: 15    Spells: 3/3 levels left

rFire    . . .     SeeInvis .   a - +0 war axe
rCold    . . .     Gourm    .   (no shield)
rNeg     . . .     Faith    .   m - +0 ring mail
rPois    .         Spirit   .   (helmet restricted)
rElec    .         Reflect  .   (no cloak)
rCorr    .         Harm     .   (no gloves)
MR       .....                  (no boots)
Stlth    +.........             (no amulet)
HPRegen  0.11/turn              (no ring)
MPRegen  0.09/turn              (no ring)

@: mildly poisoned (24 -> 20)
A: antennae 2, demonic guardian 1
a: no special abilities


You were on level 2 of the Dungeon.
You were not hungry.

You visited 1 branch of the dungeon, and saw 2 of its levels.

You collected 73 gold pieces.

Inventory:

Hand Weapons
 a - a +0 war axe (weapon)
Missiles
 d - 3 throwing nets (quivered)
 o - 13 poisoned needles
Armour
 m - a +0 ring mail (worn)
Scrolls
 b - a scroll of teleportation {unknown}
 e - a scroll of fear {unknown}
 g - a scroll of enchant weapon {unknown}
 j - a scroll of magic mapping {unknown}
 k - 2 scrolls of remove curse {unknown}
 l - 3 scrolls of identify {unknown}
 n - a scroll of amnesia {unknown}
Potions
 h - a potion of brilliance {unknown}
 i - a potion of ambrosia {unknown}
 p - a potion of haste {unknown}
Comestibles
 c - a chunk of flesh
 f - 5 rations


   Skills:
 + Level 2.4 Fighting
 * Level 4.2 Axes
 - Level 1.7 Throwing
 + Level 0.5 Armour
 - Level 2.6 Dodging


You had 3 spell levels left.
You didn't know any spells.
Your spell library was empty.

Dungeon Overview and Level Annotations

Branches:
Dungeon (2/15)

Altars:
Elyvilon
Sif Muna


Innate Abilities, Weirdness & Mutations

You have a pair of antennae on your head.
A weak demonic guardian rushes to your aid.


Message History

The adder is almost dead.
The adder bites you. x2
You are poisoned.
The adder poisons you!
You hit the adder.
You kill the adder!
You have reached level 4!
You feel agile.
Your demonic ancestry asserts itself...
You feel the presence of a demonic guardian.
You feel sick.
You hit the dart slug.
The dart slug is moderately wounded.
You feel sick. The dart slug launches a dart at you. The slug dart misses you.
You slash the dart slug!
You kill the dart slug!
No target in view!
No target in view!
Are you sure you want to abandon this character and quit the game? (Confirm with "yes".)

#.........###)..####
##...............##
#.................##
#..................#
#########..........##
##........†..)
##...........##
##########..#.........#.
#......@................
#.....##..###.........##
#.... #.## .........#
#... ..# ..>......# #..
#### .........# #.
.........# # #.......##


There were no monsters in sight!

Vanquished Creatures
  2 adders (D:2)
  An ooze (D:2)
  4 dart slugs
  A leopard gecko (D:1)
  4 bats
  3 giant cockroaches (D:2)
  2 goblins
  4 hobgoblins (D:2)
  6 kobolds
  3 quokkas (D:2)
  7 frilled lizards
  6 rats
43 creatures vanquished.

Vanquished Creatures (others)
  A rat (D:2)
1 creature vanquished.

Grand Total: 44 creatures vanquished

Notes
Turn   | Place    | Note
-------+----------+-------------------------------------------
     0 | D:1      | Kirk the Demonspawn Gladiator began the quest for the Orb.
     0 | D:1      | Reached XP level 1. HP: 16/16 MP: 1/1
   133 | D:1      | Reached skill level 3 in Axes
   137 | D:1      | Gained mutation: You have a pair of small antennae on your head. [demonic ancestry]
   137 | D:1      | Reached XP level 2. HP: 19/22 MP: 2/2
   595 | D:2      | Gained mutation: You have a pair of antennae on your head. [demonic ancestry]
   595 | D:2      | Reached XP level 3. HP: 24/28 MP: 3/3
  1040 | D:2      | Found a white marble altar of Elyvilon.
  1086 | D:2      | Found a deep blue altar of Sif Muna.
  1126 | D:2      | Reached skill level 4 in Axes
  1236 | D:2      | Gained mutation: A weak demonic guardian rushes to your aid. [demonic ancestry]
  1236 | D:2      | Reached XP level 4. HP: 25/34 MP: 4/4
  1239 | D:2      | Quit the game

Skill      XL: |  1  2  3 |
---------------+----------+-----
Axes           | 3 4 |  4.2
Fighting       | |  2.4
Throwing       | |  1.7
Armour         | |  0.5
Dodging        | |  2.6

Action                   |  1- 3 |  4- 6 || total
-------------------------+-------+-------++-------
Melee: War axe           |   124 |     2 ||   126
  Eat: Chunk             |     1 |       ||     1
Armor: Leather armour    |     5 |       ||     5
       Ring mail         |    39 |       ||    39
Dodge: Dodged            |   109 |     1 ||   110
